AoeStats
← Rapis94

Lombardia

508100944Analyzed
2v2 RM · 13d ago on Sep 20, 2026· 88m 4s· 4 players
Game mode
Random Map
Map size
Medium (4 player)
Population
200
Speed
Normal
Resources
Standard
Victory
Conquest
Starting age
Dark Age
Ending age
Imperial Age
RankedLock teamsTeams togetherTeam positionsShared explorationLock speedFull tech treeHidden civsTurbo modeCheats
Victory
Defeat
🇭🇷 Cumans · Croatia
1072
+16
🇭🇷 Celts · Croatia
1070
+16
🇺🇾 Cumans · Uruguay
1073
-16
🇦🇷 Portuguese · Argentina
1070
-16
Gastâo
6:11 Loom
8:58 Feudal Age
10:04 Double-Bit Axe
11:19 Town Watch
11:23 Horse Collar
14:28 Forging
23:31 Castle Age
25:32 Bloodlines
27:31 Husbandry
31:12 Wheelbarrow
35:03 Scale Barding Armor
35:34 Iron Casting
41:42 Imperial Age
42:20 Cavalier
44:24 Ballistics
45:08 Chemistry
44:29 Ballistics
45:42 Conscription
46:03 Chain Barding Armor
51:59 Plate Barding Armor
55:05 Blast Furnace
62:26 Hand Cart
74:32 Light Cavalry
Rapis94
3:40 Loom
11:10 Feudal Age
17:14 Castle Age
29:21 Forging
29:11 Scale Mail Armor
31:04 Fletching
31:51 Iron Casting
33:20 Steppe Husbandry
36:00 Ballistics
35:39 Murder Holes
35:57 Bodkin Arrow
38:33 Scale Barding Armor
41:47 Imperial Age
42:06 Crossbowman
42:54 Thumb Ring
44:52 Chemistry
44:12 Ballistics
43:34 Elite Steppe Lancer
44:18 Padded Archer Armor
44:41 Chain Barding Armor
48:25 Leather Archer Armor
53:08 Blast Furnace
73:37 Pikeman
75:10 Scale Mail Armor
76:01 Halberdier
79:31 Capped Ram
mkopri10
12:19 Feudal Age
13:42 Wheelbarrow
13:14 Double-Bit Axe
17:46 Scale Mail Armor
17:57 Forging
24:15 Castle Age
24:22 Gold Mining
24:23 Stone Mining
25:21 Hand Cart
25:21 Bow Saw
24:54 Horse Collar
26:34 Heavy Plow
26:59 Squires
28:31 Pikeman
32:02 Chain Mail Armor
32:23 Iron Casting
37:26 Imperial Age
37:07 Gold Shaft Mining
38:12 Ballistics
38:04 Halberdier
39:18 Plate Mail Armor
43:06 Chemistry
42:30 Conscription
42:16 Steppe Husbandry
44:16 Blast Furnace
43:22 Scale Barding Armor
43:46 Bloodlines
43:01 Light Cavalry
43:40 Onager
46:01 Two-Man Saw
45:34 Crop Rotation
47:44 Hussar
50:00 Chain Barding Armor
51:34 Fletching
51:44 Padded Archer Armor
51:09 Elite Steppe Lancer
58:49 Plate Barding Armor
80:05 Bodkin Arrow
80:26 Leather Archer Armor
83:11 Ring Archer Armor
Atomicmarin
0:26 Loom
11:53 Feudal Age
11:54 Man-at-Arms
15:57 Arson
15:59 Double-Bit Axe
19:18 Horse Collar
22:23 Castle Age
20:51 Forging
20:50 Stone Mining
23:41 Bow Saw
25:11 Stone Shaft Mining
26:02 Iron Casting
25:22 Fletching
26:06 Heavy Plow
26:43 Fortified Wall
26:22 Pikeman
32:20 Ballistics
39:58 Bodkin Arrow
40:57 Wheelbarrow
47:58 Imperial Age
46:44 Iron Casting
51:14 Chemistry
51:45 Masonry
51:54 Gold Mining
53:31 Blast Furnace
52:54 Halberdier
55:08 Scale Mail Armor
67:19 Hand Cart
68:38 Elite Skirmisher
71:13 Town Watch
75:39 Heavy Scorpion
77:16 Conscription
Connection lost

Rejoining the realm…

Still unreachable

The connection could not be restored.

Session expired

The server has moved on; the page needs a fresh start.